Diablos vs Griffins
(R2)
Created - November 12, 2019 at 19:24
Goals
|
| Diablos |
0 |
1 |
3 |
4 |
| Griffins |
3 |
2 |
1 |
6 |
|
Shots
|
| Diablos |
12 |
4 |
13 |
29 |
| Griffins |
19 |
12 |
10 |
41 |
|
1st period
1. Griffins , Dylan Larkin 2 (Ben Hanowski 4, Anton Slepyshev 6) at 12:33
2. Griffins , Sonny Milano 2 (Brandon Pirri 2, Nathan Gerbe 3) at 13:28
3. Griffins , Tye McGinn 7 (Marko Dano 8, Ian McCoshen 1) at 17:12
Penalties :
Philip Larsen (Don) for Roughing (Minor) at 6:35
2nd period
4. Diablos , Corey Trivino 2 (Tyler Pitlick 3, Nick Spaling 5) at 1:27
5. Griffins , Brandon Pirri 3 (Tye McGinn 5, Anton Slepyshev 7) at 13:56
6. Griffins , Dylan Larkin 3 (Ben Hanowski 5, Simon Despres 7) at 17:34 (PP)
Penalties :
Jack Glover (Don) for Diving (Minor) at 2:52, Nicholas Baptiste (Cap) for Slashing (Minor) at 11:14, Peter Holland (Don) for Holding (Minor) at 16:55
3rd period
7. Diablos , Tyler Pitlick 1 (Corey Trivino 2, Nick Spaling 6) at 3:48
8. Diablos , Nick Spaling 9 (Danton Heinen 5) at 4:35 (PP)
9. Diablos , Lars Eller 6 (Nick Spaling 7) at 11:46
10. Griffins , Brendan Woods 2 (Marko Dano 9, Simon Despres 8) at 19:43 (Empty Net)
Penalties :
Sonny Milano (Cap) for Hooking (Minor) at 0:59, Ben Hanowski (Cap) for Tripping (Minor) at 4:32, Nick Spaling (Don) for Interference (Minor) at 9:21, Jordan Szwarz (Don) for Holding (Minor) at 15:42
Goalie Stats
Kristers Gudlevskis (Don), 35 saves from 40 shots - (0.875), L, 2-3-0, 59:11 minutes
Olivier Roy (Cap), 25 saves from 29 shots - (0.862), W, 4-0-0, 60:00 minutes
Players Stats for Diablos
Player Name G A P +/- PIM S H SB GA TA FO MP PP MP PK MP
------------------------------------------------------------------------------------
Alex Petrovic 0 0 0 -1 0 0 0 1 0 3 0/0 19:56 0:00 3:44
Andrei Mironov 0 0 0 0 0 0 2 0 0 0 0/0 15:21 1:55 0:49
Cameron Gaunce 0 0 0 -1 0 0 3 4 2 3 0/0 25:53 2:06 5:12
Corey Trivino 1 1 2 0 0 1 1 0 0 0 4/7 11:36 0:00 0:00
Danton Heinen 0 1 1 -2 0 4 0 0 0 1 11/19 18:32 1:51 0:00
David Pastrnak 0 0 0 -1 0 4 0 0 1 0 1/1 13:24 2:00 0:00
Jack Glover 0 0 0 0 2 0 2 0 0 0 0/0 11:07 0:00 0:00
Jakub Vrana 0 0 0 -1 0 1 0 0 0 1 0/0 17:22 1:52 0:00
Jiri Sekac 0 0 0 0 0 3 2 0 0 0 0/0 11:45 0:09 2:27
Jordan Szwarz 0 0 0 -1 2 2 2 0 0 1 0/0 17:28 1:42 0:00
Lars Eller 1 0 1 0 0 4 1 0 0 1 7/21 23:38 1:52 3:09
Nick Spaling 1 3 4 0 2 4 1 1 2 0 0/2 26:47 2:00 2:21
Peter Holland 0 0 0 -1 2 2 1 0 0 0 3/6 12:53 0:18 4:26
Philip Larsen 0 0 0 -2 2 1 0 2 1 2 0/0 26:36 1:55 4:02
Sergey Tolchinsky 0 0 0 0 0 0 0 0 0 0 0/0 0:47 0:00 0:20
Ty Rattie 0 0 0 0 0 0 0 0 0 0 0/0 0:00 0:00 0:00
Tyler Pitlick 1 1 2 0 0 1 1 0 0 1 1/1 16:50 0:19 4:27
Viktor Loov 0 0 0 0 0 2 1 0 0 1 0/0 21:25 2:06 3:23
Players Stats for Griffins
Player Name G A P +/- PIM S H SB GA TA FO MP PP MP PK MP
------------------------------------------------------------------------------------
Anton Slepyshev 0 2 2 1 0 5 1 0 0 1 0/0 19:11 3:37 0:34
Ben Hanowski 0 2 2 1 2 4 0 2 2 0 0/0 19:01 3:37 1:02
Brandon Pirri 1 1 2 1 0 1 2 0 1 0 1/1 15:03 1:22 2:10
Brendan Woods 1 0 1 -1 0 1 0 0 2 0 2/3 10:57 0:00 2:09
Dylan Larkin 2 0 2 1 0 5 1 2 1 1 18/31 18:16 3:37 0:00
Gord Baldwin 0 0 0 0 0 2 2 3 2 1 0/0 24:45 3:05 2:18
Ian McCoshen 0 1 1 1 0 0 0 1 0 0 0/0 13:35 0:06 0:00
Marcus Pettersson 0 0 0 1 0 1 1 1 0 0 0/0 18:33 5:24 0:08
Marko Dano 0 2 2 2 0 6 1 0 2 0 6/13 19:26 3:41 1:02
Mirco Mueller 0 0 0 1 0 0 1 3 1 0 0/0 16:42 0:06 1:35
Nathan Gerbe 0 1 1 1 0 1 1 1 0 0 1/2 11:09 1:17 0:07
Nicholas Baptiste 0 0 0 -2 2 2 2 0 1 0 0/0 9:53 1:13 0:00
Pavel Buchnevich 0 0 0 1 0 4 1 0 0 1 0/3 17:31 3:40 0:00
Phil Oreskovic 0 0 0 1 0 1 1 1 0 0 0/0 25:36 3:05 2:26
Rourke Chartier 0 0 0 -1 0 2 1 0 0 0 0/1 6:50 0:00 0:00
Simon Despres 0 2 2 0 0 0 2 1 0 0 0/0 20:49 5:24 1:35
Sonny Milano 1 0 1 1 2 1 0 0 1 0 0/1 9:15 0:00 0:00
Tye McGinn 1 1 2 1 0 5 3 0 1 2 2/2 19:24 3:41 0:58
3 Stars
1 - Dylan Larkin (Cap)
2 - Tye McGinn (Cap)
3 - Brandon Pirri (Cap)
Power Play
Diablos - 1 on 3 Attempt(s) - 33.33%
Griffins - 1 on 5 Attempt(s) - 20.00%
Penalty Kill
Diablos - 4 on 5 Attempt(s) - 80.00%
- Score 0 goal in Penalty Kill
Griffins - 2 on 3 Attempt(s) - 66.67%
- Score 0 goal in Penalty Kill
Team Stat
Diablos - Hits : 17 - Faceoff Wins : 27 - Blocked Shots : 8 - Penalty Minutes : 10
Griffins - Hits : 20 - Faceoff Wins : 30 - Blocked Shots : 15 - Penalty Minutes : 6
Official
Referees : Unknown
Linesman : Unknown
Game Notes
Brendan Woods has scored in a empty net!
Finance
Level 1 -- Attendance: 1600 (80.00%) -- Ticket Income $56,000
Level 2 -- Attendance: 704 (70.40%) -- Ticket Income $14,080
Total Attendance: 2304 (76.80%)
Total Ticket Income: $70,080
Other Income: $3,504
Total Income: $73,584
Diablos
5 vs 5 Forward
Center Left Wing Right Wing Time % Phy DF OF
1 Lars Eller Nick Spaling David Pastrnak 40 0 2 3
2 Danton Heinen Jakub Vrana Jordan Szwarz 30 0 2 3
3 Corey Trivino Nick Spaling Tyler Pitlick 20 0 2 3
4 Peter Holland Jiri Sekac Lars Eller 10 0 3 2
5 vs 5 Defense
Defense Defense Time % Phy DF OF
1 Cameron Gaunce Philip Larsen 40 1 2 2
2 Viktor Loov Alex Petrovic 30 1 2 2
3 Jack Glover Andrei Mironov 20 1 2 2
4 Cameron Gaunce Philip Larsen 10 1 2 2
PowerPlay Forward
Center Left Wing Right Wing Time % Phy DF OF
1 Danton Heinen Nick Spaling David Pastrnak 60 0 1 4
2 Lars Eller Jakub Vrana Jordan Szwarz 40 0 1 4
PowerPlay Defense
Defense Defense Time % Phy DF OF
1 Andrei Mironov Philip Larsen 60 0 1 4
2 Cameron Gaunce Viktor Loov 40 0 1 4
Penalty Kill 4 Players Forward
Center Wing Time % Phy DF OF
1 Peter Holland Tyler Pitlick 60 1 4 0
2 Lars Eller Nick Spaling 40 1 4 0
Penalty Kill 4 Players Defense
Defense Defense Time % Phy DF OF
1 Philip Larsen Cameron Gaunce 60 1 4 0
2 Alex Petrovic Viktor Loov 40 1 4 0
Penalty Kill - 3 Players Forward
Forward Time % Phy DF OF
1 Peter Holland 60 0 5 0
2 Lars Eller 40 0 5 0
Penalty Kill - 3 Players Defense
Defense Defense Time % Phy DF OF
1 Alex Petrovic Jack Glover 60 0 5 0
2 Cameron Gaunce Philip Larsen 40 0 5 0
4 vs 4 Forward
Center Wing Time % Phy DF OF
1 Lars Eller David Pastrnak 60 0 2 3
2 Nick Spaling Jordan Szwarz 40 0 2 3
4 vs 4 Defense
Defense Defense Time % Phy DF OF
1 Cameron Gaunce Alex Petrovic 60 0 2 3
2 Andrei Mironov Philip Larsen 40 0 2 3
Last Minutes Offensive
Center Left Wing Right Wing Defense Defense
Danton Heinen Nick Spaling David Pastrnak Andrei Mironov Philip Larsen
Last Minutes Defensive
Center Left Wing Right Wing Defense Defense
Lars Eller Nick Spaling Tyler Pitlick Cameron Gaunce Alex Petrovic
Goaltenders
Starting : Kristers Gudlevskis
Backup : Joni Ortio
Extra Forwards
Normal : David Pastrnak, Danton Heinen, Nick Spaling - PP : David Pastrnak, Nick Spaling - PK : Nick Spaling
Extra Defensemen
Normal : Cameron Gaunce, Andrei Mironov, Philip Larsen - PP : Cameron Gaunce - PK : Cameron Gaunce, Alex Petrovic
Penalty Shots
David Pastrnak, Danton Heinen, Jakub Vrana, Jordan Szwarz, Nick Spaling
Scratches
Jamie Devane (Healthy), Matt Lindblad (Healthy), Brian Dumoulin (Broken Ribs Injury), Tyler Lewington (Healthy), Tobias Lindberg (Healthy)
Scott Glennie (Healthy), Andrey Pedan (Healthy), Stuart Percy (Healthy), Charles Hudon (Healthy), Anthony Camara (Healthy)
Branden Troock (Healthy), Riley Nash (Healthy), Adrian Kempe (Left Hand Injury), Dominic Turgeon (Healthy), Ryan MacInnis (Healthy)
Matt Tomkins (Healthy)
Griffins
5 vs 5 Forward
Center Left Wing Right Wing Time % Phy DF OF
1 Marko Dano Tye McGinn Pavel Buchnevich 35 0 1 4
2 Dylan Larkin Anton Slepyshev Ben Hanowski 35 0 2 3
3 Nathan Gerbe Sonny Milano Brandon Pirri 20 0 2 3
4 Rourke Chartier Brendan Woods Nicholas Baptiste 10 0 2 3
5 vs 5 Defense
Defense Defense Time % Phy DF OF
1 Gord Baldwin Phil Oreskovic 40 0 2 3
2 Simon Despres Marcus Pettersson 30 0 3 2
3 Ian McCoshen Mirco Mueller 20 0 3 2
4 Ian McCoshen Mirco Mueller 10 1 2 2
PowerPlay Forward
Center Left Wing Right Wing Time % Phy DF OF
1 Marko Dano Tye McGinn Pavel Buchnevich 60 0 1 4
2 Dylan Larkin Anton Slepyshev Ben Hanowski 40 0 1 4
PowerPlay Defense
Defense Defense Time % Phy DF OF
1 Marcus Pettersson Simon Despres 60 0 1 4
2 Gord Baldwin Phil Oreskovic 40 0 1 4
Penalty Kill 4 Players Forward
Center Wing Time % Phy DF OF
1 Brendan Woods Brandon Pirri 60 1 2 2
2 Marko Dano Ben Hanowski 40 1 2 2
Penalty Kill 4 Players Defense
Defense Defense Time % Phy DF OF
1 Gord Baldwin Phil Oreskovic 60 1 2 2
2 Simon Despres Mirco Mueller 40 1 2 2
Penalty Kill - 3 Players Forward
Forward Time % Phy DF OF
1 Brendan Woods 60 1 2 2
2 Ben Hanowski 40 1 2 2
Penalty Kill - 3 Players Defense
Defense Defense Time % Phy DF OF
1 Gord Baldwin Pavel Buchnevich 60 1 2 2
2 Simon Despres Mirco Mueller 40 1 2 2
4 vs 4 Forward
Center Wing Time % Phy DF OF
1 Marko Dano Tye McGinn 50 1 2 2
2 Nathan Gerbe Pavel Buchnevich 50 1 2 2
4 vs 4 Defense
Defense Defense Time % Phy DF OF
1 Simon Despres Phil Oreskovic 60 1 2 2
2 Gord Baldwin Marcus Pettersson 40 1 2 2
Last Minutes Offensive
Center Left Wing Right Wing Defense Defense
Marko Dano Tye McGinn Ben Hanowski Gord Baldwin Marcus Pettersson
Last Minutes Defensive
Center Left Wing Right Wing Defense Defense
Marko Dano Brendan Woods Ben Hanowski Gord Baldwin Phil Oreskovic
Goaltenders
Starting : Olivier Roy
Backup : Jean-Francois Berube
Extra Forwards
Normal : Marko Dano, Dylan Larkin, Nathan Gerbe - PP : Brandon Pirri, Nathan Gerbe - PK : Tye McGinn
Extra Defensemen
Normal : Gord Baldwin, Simon Despres, Phil Oreskovic - PP : Ian McCoshen - PK : Marcus Pettersson, Ian McCoshen
Penalty Shots
Nathan Gerbe, Dylan Larkin, Rourke Chartier, Marko Dano, Sonny Milano
Scratches
Vladislav Namestnikov (Healthy), Garrett Wilson (Healthy), Tanner Kero (Healthy), Greg McKegg (Healthy), Petter Granberg (Left Hand Injury)
Konrad Abeltshauser (Healthy), Tomas Hyka (Healthy), Haydn Fleury (Broken Bone (Right Arm) Injury), Danny Kristo (Healthy), Ryan Mantha (Healthy)
Jack Ramsey (Healthy), Marcus Hogberg (Healthy), Hayden Hawkey (Healthy)
% Time on Ice - Diablos
Lines # - Real PCT - Wanted PCT - Time Play
Normal Forward
1 - 23% - 40% - 10:54
2 - 35% - 30% - 16:03
3 - 25% - 20% - 11:36
4 - 17% - 10% - 7:56
Normal Defense
1 - 39% - 40% - 18:20
2 - 35% - 30% - 16:15
3 - 22% - 20% - 10:20
4 - 3% - 10% - 1:34
PP Forward
1 - 54% - 60% - 2:09
2 - 46% - 40% - 1:52
PP Defense
1 - 48% - 60% - 1:55
2 - 52% - 40% - 2:06
PK Forward
1 - 80% - 60% - 6:51
2 - 20% - 40% - 1:44
PK Defense
1 - 70% - 60% - 6:01
2 - 30% - 40% - 2:34
PK3 Forward
1 - 0% - 60%
2 - 0% - 40%
PK3 Defense
1 - 0% - 60%
2 - 0% - 40%
44 Forward
1 - 0% - 60%
2 - 0% - 40%
44 Defense
1 - 0% - 60%
2 - 0% - 40%
Last Minute Offensive - 0:55
Last Minute Defensive - 0:00
Total
Forward - 60:00
Defense - 60:00
|
% Time on Ice - Griffins
Lines # - Real PCT - Wanted PCT - Time Play
Normal Forward
1 - 35% - 35% - 16:20
2 - 32% - 35% - 14:52
3 - 18% - 20% - 8:26
4 - 15% - 10% - 6:50
Normal Defense
1 - 42% - 40% - 19:38
2 - 30% - 30% - 14:04
3 - 19% - 20% - 8:38
4 - 9% - 10% - 4:08
PP Forward
1 - 58% - 60% - 4:58
2 - 42% - 40% - 3:37
PP Defense
1 - 63% - 60% - 5:24
2 - 37% - 40% - 3:11
PK Forward
1 - 74% - 60% - 2:59
2 - 26% - 40% - 1:02
PK Defense
1 - 61% - 60% - 2:26
2 - 39% - 40% - 1:35
PK3 Forward
1 - 0% - 60%
2 - 0% - 40%
PK3 Defense
1 - 0% - 60%
2 - 0% - 40%
44 Forward
1 - 0% - 50%
2 - 0% - 50%
44 Defense
1 - 0% - 60%
2 - 0% - 40%
Last Minute Offensive - 0:00
Last Minute Defensive - 0:56
Total
Forward - 60:00
Defense - 60:00
|
Play-by-Play
1st period
0:01 of 1st period - Marko Dano wins face-off versus Lars Eller in neutral zone.
0:06 of 1st period - Snap shot by Pavel Buchnevich.
0:06 of 1st period - Stopped by Kristers Gudlevskis without a rebound.
0:07 of 1st period - Marko Dano wins face-off versus Lars Eller in Diablos zone.
0:14 of 1st period - Wrist shot by Marko Dano.
0:14 of 1st period - Shot Blocked by Cameron Gaunce.
0:16 of 1st period - Slapshot by Tye McGinn.
0:16 of 1st period - Stopped by Kristers Gudlevskis without a rebound.
0:17 of 1st period - Dylan Larkin wins face-off versus Danton Heinen in Diablos zone.
0:43 of 1st period - Marcus Pettersson is hit by Tyler Pitlick and loses puck.
1:08 of 1st period - Wrist shot by Nicholas Baptiste.
1:08 of 1st period - Stopped by Kristers Gudlevskis with a rebound.
1:28 of 1st period - Slapshot by Ben Hanowski.
1:28 of 1st period - Stopped by Kristers Gudlevskis without a rebound.
1:29 of 1st period - Danton Heinen wins face-off versus Dylan Larkin in Diablos zone.
2:31 of 1st period - Viktor Loov is hit by Phil Oreskovic and loses puck.
3:05 of 1st period - Snap shot by Danton Heinen.
3:05 of 1st period - Stopped by Olivier Roy without a rebound.
3:06 of 1st period - Tye McGinn wins face-off versus Corey Trivino in Griffins zone.
3:31 of 1st period - Phil Oreskovic is hit by Jordan Szwarz and loses puck.
5:27 of 1st period - Corey Trivino is hit by Dylan Larkin and loses puck.
5:32 of 1st period - Slapshot by Ben Hanowski.
5:32 of 1st period - Stopped by Kristers Gudlevskis with a rebound.
5:35 of 1st period - Icing by Alex Petrovic.
5:36 of 1st period - Corey Trivino wins face-off versus Pavel Buchnevich in Diablos zone.
5:36 of 1st period - Corey Trivino is hit by Tye McGinn.
6:08 of 1st period - Tye McGinn is hit by Andrei Mironov and loses puck.
6:35 of 1st period - Minor Penalty to Philip Larsen for Roughing.
6:36 of 1st period - Peter Holland wins face-off versus Marko Dano in Diablos zone.
6:54 of 1st period - Cameron Gaunce is hit by Tye McGinn.
7:08 of 1st period - Wrist shot by Anton Slepyshev.
7:08 of 1st period - Stopped by Kristers Gudlevskis without a rebound.
7:09 of 1st period - Dylan Larkin wins face-off versus Lars Eller in Diablos zone.
8:35 of 1st period - Penalty to Philip Larsen is over, Philip Larsen is back on ice.
8:35 of 1st period - Wrist shot by Lars Eller.
8:35 of 1st period - Stopped by Olivier Roy with a rebound.
8:57 of 1st period - Snap shot by Nathan Gerbe.
8:57 of 1st period - Shot Misses the Net.
9:12 of 1st period - Wrist shot by Jordan Szwarz.
9:12 of 1st period - Shot Misses the Net.
9:20 of 1st period - Wrist shot by Danton Heinen.
9:20 of 1st period - Stopped by Olivier Roy with a rebound.
9:22 of 1st period - Wrist shot by Danton Heinen.
9:22 of 1st period - Deflect By Jordan Szwarz.
9:22 of 1st period - Shot Blocked by Mirco Mueller.
9:22 of 1st period - Puck is out of play.
9:23 of 1st period - Dylan Larkin wins face-off versus Lars Eller in Griffins zone.
11:02 of 1st period - Wrist shot by Rourke Chartier.
11:02 of 1st period - Shot Blocked by Alex Petrovic.
11:22 of 1st period - Wrist shot by Pavel Buchnevich.
11:22 of 1st period - Stopped by Kristers Gudlevskis without a rebound.
11:23 of 1st period - Tye McGinn wins face-off versus Corey Trivino in Diablos zone.
11:24 of 1st period - Snap shot by Marko Dano.
11:24 of 1st period - Stopped by Kristers Gudlevskis with a rebound.
11:28 of 1st period - Slapshot by Marko Dano.
11:28 of 1st period - Stopped by Kristers Gudlevskis with a rebound.
12:07 of 1st period - Marko Dano is hit by Jack Glover and loses puck.
12:13 of 1st period - Off-side.
12:14 of 1st period - Dylan Larkin wins face-off versus Danton Heinen in neutral zone.
12:23 of 1st period - Snap shot by Jordan Szwarz.
12:23 of 1st period - Deflect By Danton Heinen.
12:23 of 1st period - Stopped by Olivier Roy without a rebound.
12:24 of 1st period - Dylan Larkin wins face-off versus Danton Heinen in Griffins zone.
12:33 of 1st period - Snap shot by Dylan Larkin.
12:33 of 1st period - Goal by Dylan Larkin - Diablos : 0 - Griffins : 1.
12:34 of 1st period - Lars Eller wins face-off versus Dylan Larkin in neutral zone.
12:37 of 1st period - Slapshot by David Pastrnak.
12:37 of 1st period - Stopped by Olivier Roy without a rebound.
12:38 of 1st period - Dylan Larkin wins face-off versus Lars Eller in Griffins zone.
12:45 of 1st period - Slapshot by Philip Larsen.
12:45 of 1st period - Stopped by Olivier Roy with a rebound.
13:28 of 1st period - Slapshot by Brandon Pirri.
13:28 of 1st period - Deflect By Sonny Milano.
13:28 of 1st period - Goal by Sonny Milano - Diablos : 0 - Griffins : 2.
13:29 of 1st period - David Pastrnak wins face-off versus Dylan Larkin in neutral zone.
13:32 of 1st period - Backhand shot by David Pastrnak.
13:32 of 1st period - Shot Blocked by Simon Despres.
13:34 of 1st period - Slapshot by Philip Larsen.
13:34 of 1st period - Shot Blocked by Marcus Pettersson.
13:36 of 1st period - Slapshot by Nick Spaling.
13:36 of 1st period - Shot Misses the Net.
13:38 of 1st period - Snap shot by Lars Eller.
13:38 of 1st period - Stopped by Olivier Roy with a rebound.
14:43 of 1st period - Alex Petrovic is hit by Nicholas Baptiste and loses puck.
15:06 of 1st period - Wrist shot by Dylan Larkin.
15:06 of 1st period - Shot Blocked by Nick Spaling.
15:17 of 1st period - Icing by Nick Spaling.
15:18 of 1st period - Marko Dano wins face-off versus Lars Eller in Diablos zone.
15:23 of 1st period - Wrist shot by Marko Dano.
15:23 of 1st period - Shot Misses the Net.
15:25 of 1st period - Snap shot by Pavel Buchnevich.
15:25 of 1st period - Shot Misses the Net.
15:29 of 1st period - Snap shot by Marko Dano.
15:29 of 1st period - Stopped by Kristers Gudlevskis without a rebound.
15:30 of 1st period - Dylan Larkin wins face-off versus Danton Heinen in Diablos zone.
15:35 of 1st period - Wrist shot by Dylan Larkin.
15:35 of 1st period - Stopped by Kristers Gudlevskis with a rebound.
15:37 of 1st period - Slapshot by Gord Baldwin.
15:37 of 1st period - Stopped by Kristers Gudlevskis with a rebound.
15:39 of 1st period - Snap shot by Dylan Larkin.
15:39 of 1st period - Shot Misses the Net.
15:41 of 1st period - Snap shot by Gord Baldwin.
15:41 of 1st period - Shot Blocked by Cameron Gaunce.
15:43 of 1st period - Slapshot by Gord Baldwin.
15:43 of 1st period - Stopped by Kristers Gudlevskis without a rebound.
15:44 of 1st period - Danton Heinen wins face-off versus Marko Dano in Diablos zone.
16:17 of 1st period - Slapshot by Dylan Larkin.
16:17 of 1st period - Stopped by Kristers Gudlevskis with a rebound.
16:19 of 1st period - Snap shot by Ben Hanowski.
16:19 of 1st period - Shot Misses the Net.
16:21 of 1st period - Snap shot by Ben Hanowski.
16:21 of 1st period - Shot Blocked by Philip Larsen.
16:35 of 1st period - Snap shot by Lars Eller.
16:35 of 1st period - Shot Blocked by Gord Baldwin.
16:37 of 1st period - Slapshot by Cameron Gaunce.
16:37 of 1st period - Shot Misses the Net.
17:10 of 1st period - Snap shot by Marko Dano.
17:10 of 1st period - Stopped by Kristers Gudlevskis with a rebound.
17:12 of 1st period - Wrist shot by Tye McGinn.
17:12 of 1st period - Goal by Tye McGinn - Diablos : 0 - Griffins : 3.
17:13 of 1st period - Lars Eller wins face-off versus Dylan Larkin in neutral zone.
17:25 of 1st period - Wrist shot by David Pastrnak.
17:25 of 1st period - Shot Misses the Net.
17:27 of 1st period - Slapshot by Nick Spaling.
17:27 of 1st period - Stopped by Olivier Roy with a rebound.
17:29 of 1st period - Snap shot by Philip Larsen.
17:29 of 1st period - Deflect By Lars Eller.
17:29 of 1st period - Stopped by Olivier Roy with a rebound.
17:41 of 1st period - Icing by Jordan Szwarz.
17:42 of 1st period - Danton Heinen wins face-off versus Marko Dano in Diablos zone.
18:17 of 1st period - Slapshot by Tye McGinn.
18:17 of 1st period - Deflect By Marko Dano.
18:17 of 1st period - Shot Misses the Net.
18:17 of 1st period - Puck is out of play.
18:18 of 1st period - Lars Eller wins face-off versus Dylan Larkin in Diablos zone.
18:29 of 1st period - Slapshot by David Pastrnak.
18:29 of 1st period - Stopped by Olivier Roy without a rebound.
18:30 of 1st period - Dylan Larkin wins face-off versus Lars Eller in Griffins zone.
18:37 of 1st period - Anton Slepyshev is hit by Cameron Gaunce.
18:43 of 1st period - Wrist shot by Ben Hanowski.
18:43 of 1st period - Stopped by Kristers Gudlevskis without a rebound.
18:44 of 1st period - Lars Eller wins face-off versus Nathan Gerbe in Diablos zone.
18:49 of 1st period - Snap shot by David Pastrnak.
18:49 of 1st period - Stopped by Olivier Roy without a rebound.
18:50 of 1st period - Lars Eller wins face-off versus Sonny Milano in Griffins zone.
18:53 of 1st period - Backhand shot by Nick Spaling.
18:53 of 1st period - Stopped by Olivier Roy with a rebound.
19:57 of 1st period - Gord Baldwin is hit by Lars Eller and loses puck.
Goals for this period are 0 for Diablos vs 3 for Griffins.
Shots for this period are 12 for Diablos vs 19 for Griffins.
2nd period
0:01 of 2nd period - Dylan Larkin wins face-off versus Lars Eller in neutral zone.
1:25 of 2nd period - Backhand shot by Corey Trivino.
1:25 of 2nd period - Shot Misses the Net.
1:27 of 2nd period - Wrist shot by Tyler Pitlick.
1:27 of 2nd period - Deflect By Corey Trivino.
1:27 of 2nd period - Goal by Corey Trivino - Diablos : 1 - Griffins : 3.
1:28 of 2nd period - Danton Heinen wins face-off versus Dylan Larkin in neutral zone.
2:39 of 2nd period - Wrist shot by Rourke Chartier.
2:39 of 2nd period - Stopped by Kristers Gudlevskis with a rebound.
2:52 of 2nd period - Minor Penalty to Jack Glover for Diving.
2:53 of 2nd period - Marko Dano wins face-off versus Peter Holland in Diablos zone.
2:54 of 2nd period - Wrist shot by Tye McGinn.
2:54 of 2nd period - Stopped by Kristers Gudlevskis with a rebound.
2:56 of 2nd period - Wrist shot by Marko Dano.
2:56 of 2nd period - Stopped by Kristers Gudlevskis without a rebound.
2:57 of 2nd period - Marko Dano wins face-off versus Peter Holland in Diablos zone.
3:08 of 2nd period - Wrist shot by Marko Dano.
3:08 of 2nd period - Shot Blocked by Philip Larsen.
3:26 of 2nd period - Wrist shot by Anton Slepyshev.
3:26 of 2nd period - Stopped by Kristers Gudlevskis with a rebound.
3:28 of 2nd period - Wrist shot by Dylan Larkin.
3:28 of 2nd period - Shot Misses the Net.
3:30 of 2nd period - Snap shot by Anton Slepyshev.
3:30 of 2nd period - Stopped by Kristers Gudlevskis with a rebound.
3:32 of 2nd period - Snap shot by Ben Hanowski.
3:32 of 2nd period - Shot Misses the Net.
4:52 of 2nd period - Penalty to Jack Glover is over, Jack Glover is back on ice.
4:57 of 2nd period - Alex Petrovic is hit by Brandon Pirri and loses puck.
5:30 of 2nd period - Slapshot by Jordan Szwarz.
5:30 of 2nd period - Stopped by Olivier Roy with a rebound.
5:32 of 2nd period - Slapshot by Alex Petrovic.
5:32 of 2nd period - Shot Blocked by Mirco Mueller.
5:34 of 2nd period - Slapshot by Alex Petrovic.
5:34 of 2nd period - Shot Blocked by Ian McCoshen.
6:31 of 2nd period - Marcus Pettersson is hit by Nick Spaling.
7:26 of 2nd period - Corey Trivino is hit by Pavel Buchnevich and loses puck.
8:16 of 2nd period - Alex Petrovic is hit by Rourke Chartier and loses puck.
8:52 of 2nd period - Tye McGinn is hit by Jiri Sekac and loses puck.
9:18 of 2nd period - Brendan Woods is hit by Jack Glover and loses puck.
9:45 of 2nd period - Cameron Gaunce is hit by Tye McGinn and loses puck.
10:05 of 2nd period - Simon Despres is hit by Jordan Szwarz and loses puck.
10:12 of 2nd period - Wrist shot by Jordan Szwarz.
10:12 of 2nd period - Shot Misses the Net.
10:23 of 2nd period - Wrist shot by Jordan Szwarz.
10:23 of 2nd period - Stopped by Olivier Roy with a rebound.
10:25 of 2nd period - Wrist shot by Viktor Loov.
10:25 of 2nd period - Deflect By Jakub Vrana.
10:25 of 2nd period - Stopped by Olivier Roy without a rebound.
10:26 of 2nd period - Dylan Larkin wins face-off versus Nick Spaling in Griffins zone.
11:14 of 2nd period - Minor Penalty to Nicholas Baptiste for Slashing.
11:15 of 2nd period - Brendan Woods wins face-off versus Danton Heinen in Griffins zone.
13:14 of 2nd period - Penalty to Nicholas Baptiste is over, Nicholas Baptiste is back on ice.
13:15 of 2nd period - Cameron Gaunce is hit by Nicholas Baptiste and loses puck.
13:37 of 2nd period - Marcus Pettersson is hit by Corey Trivino and loses puck.
13:56 of 2nd period - Wrist shot by Brandon Pirri.
13:56 of 2nd period - Goal by Brandon Pirri - Diablos : 1 - Griffins : 4.
13:57 of 2nd period - Nathan Gerbe wins face-off versus Nick Spaling in neutral zone.
14:04 of 2nd period - Wrist shot by Nathan Gerbe.
14:04 of 2nd period - Shot Blocked by Cameron Gaunce.
14:45 of 2nd period - Marko Dano is hit by Viktor Loov and loses puck.
14:58 of 2nd period - Slapshot by Jordan Szwarz.
14:58 of 2nd period - Shot Misses the Net.
15:16 of 2nd period - Slapshot by Tye McGinn.
15:16 of 2nd period - Stopped by Kristers Gudlevskis with a rebound.
15:18 of 2nd period - Slapshot by Simon Despres.
15:18 of 2nd period - Deflect By Pavel Buchnevich.
15:18 of 2nd period - Stopped by Kristers Gudlevskis without a rebound.
15:19 of 2nd period - Dylan Larkin wins face-off versus Lars Eller in Diablos zone.
15:20 of 2nd period - Wrist shot by Ben Hanowski.
15:20 of 2nd period - Shot Misses the Net.
16:14 of 2nd period - Snap shot by Marko Dano.
16:14 of 2nd period - Stopped by Kristers Gudlevskis without a rebound.
16:15 of 2nd period - Corey Trivino wins face-off versus Marko Dano in Diablos zone.
16:15 of 2nd period - Corey Trivino is hit by Marko Dano.
16:55 of 2nd period - Minor Penalty to Peter Holland for Holding.
16:56 of 2nd period - Tyler Pitlick wins face-off versus Pavel Buchnevich in Diablos zone.
17:30 of 2nd period - Slapshot by Marcus Pettersson.
17:30 of 2nd period - Stopped by Kristers Gudlevskis with a rebound.
17:32 of 2nd period - Slapshot by Simon Despres.
17:32 of 2nd period - Deflect By Ben Hanowski.
17:32 of 2nd period - Stopped by Kristers Gudlevskis with a rebound.
17:34 of 2nd period - Slapshot by Ben Hanowski.
17:34 of 2nd period - Deflect By Dylan Larkin.
17:34 of 2nd period - Deflect By Tyler Pitlick.
17:34 of 2nd period - Goal by Dylan Larkin - Diablos : 1 - Griffins : 5.
17:35 of 2nd period - Dylan Larkin wins face-off versus Lars Eller in neutral zone.
18:02 of 2nd period - Off-side.
18:03 of 2nd period - Danton Heinen wins face-off versus Marko Dano in neutral zone.
19:25 of 2nd period - Lars Eller is hit by Gord Baldwin and loses puck.
19:40 of 2nd period - Wrist shot by Corey Trivino.
19:40 of 2nd period - Deflect By Nick Spaling.
19:40 of 2nd period - Shot Blocked by Dylan Larkin.
19:40 of 2nd period - Puck is out of play.
19:41 of 2nd period - Corey Trivino wins face-off versus Dylan Larkin in Griffins zone.
Goals for this period are 1 for Diablos vs 2 for Griffins.
Shots for this period are 4 for Diablos vs 12 for Griffins.
3rd period
0:01 of 3rd period - Dylan Larkin wins face-off versus Lars Eller in neutral zone.
0:26 of 3rd period - Phil Oreskovic is hit by Cameron Gaunce and loses puck.
0:59 of 3rd period - Minor Penalty to Sonny Milano for Hooking.
1:00 of 3rd period - Brendan Woods wins face-off versus Danton Heinen in Griffins zone.
1:15 of 3rd period - Snap shot by Nick Spaling.
1:15 of 3rd period - Stopped by Olivier Roy with a rebound.
2:37 of 3rd period - Icing by David Pastrnak.
2:38 of 3rd period - Danton Heinen wins face-off versus Marko Dano in Diablos zone.
2:59 of 3rd period - Penalty to Sonny Milano is over, Sonny Milano is back on ice.
3:48 of 3rd period - Snap shot by Tyler Pitlick.
3:48 of 3rd period - Goal by Tyler Pitlick - Diablos : 2 - Griffins : 5.
3:49 of 3rd period - Dylan Larkin wins face-off versus Danton Heinen in neutral zone.
3:56 of 3rd period - Off-side.
3:57 of 3rd period - Danton Heinen wins face-off versus Dylan Larkin in neutral zone.
4:02 of 3rd period - Slapshot by Viktor Loov.
4:02 of 3rd period - Shot Misses the Net.
4:05 of 3rd period - Icing by Anton Slepyshev.
4:06 of 3rd period - Dylan Larkin wins face-off versus Lars Eller in Griffins zone.
4:14 of 3rd period - Slapshot by Phil Oreskovic.
4:14 of 3rd period - Shot Misses the Net.
4:16 of 3rd period - Snap shot by Dylan Larkin.
4:16 of 3rd period - Stopped by Kristers Gudlevskis without a rebound.
4:17 of 3rd period - Lars Eller wins face-off versus Dylan Larkin in Diablos zone.
4:17 of 3rd period - Lars Eller is hit by Anton Slepyshev.
4:25 of 3rd period - Slapshot by David Pastrnak.
4:25 of 3rd period - Stopped by Olivier Roy with a rebound.
4:32 of 3rd period - Minor Penalty to Ben Hanowski for Tripping.
4:33 of 3rd period - Danton Heinen wins face-off versus Brendan Woods in Griffins zone.
4:35 of 3rd period - Wrist shot by Nick Spaling.
4:35 of 3rd period - Goal by Nick Spaling - Diablos : 3 - Griffins : 5.
4:36 of 3rd period - Dylan Larkin wins face-off versus Lars Eller in neutral zone.
4:45 of 3rd period - Wrist shot by Anton Slepyshev.
4:45 of 3rd period - Shot Misses the Net.
4:47 of 3rd period - Slapshot by Phil Oreskovic.
4:47 of 3rd period - Shot Misses the Net.
4:49 of 3rd period - Slapshot by Phil Oreskovic.
4:49 of 3rd period - Stopped by Kristers Gudlevskis with a rebound.
5:01 of 3rd period - Tye McGinn is hit by Cameron Gaunce and loses puck.
5:55 of 3rd period - Snap shot by Lars Eller.
5:55 of 3rd period - Deflect By Jiri Sekac.
5:55 of 3rd period - Stopped by Olivier Roy with a rebound.
5:57 of 3rd period - Slapshot by Viktor Loov.
5:57 of 3rd period - Deflect By Jiri Sekac.
5:57 of 3rd period - Stopped by Olivier Roy with a rebound.
5:59 of 3rd period - Snap shot by Peter Holland.
5:59 of 3rd period - Shot Misses the Net.
6:01 of 3rd period - Wrist shot by Viktor Loov.
6:01 of 3rd period - Stopped by Olivier Roy with a rebound.
6:11 of 3rd period - Snap shot by Rourke Chartier.
6:11 of 3rd period - Shot Blocked by Cameron Gaunce.
6:13 of 3rd period - Snap shot by Rourke Chartier.
6:13 of 3rd period - Stopped by Kristers Gudlevskis with a rebound.
6:15 of 3rd period - Snap shot by Nicholas Baptiste.
6:15 of 3rd period - Stopped by Kristers Gudlevskis with a rebound.
6:49 of 3rd period - Lars Eller is hit by Nathan Gerbe and loses puck.
7:17 of 3rd period - Backhand shot by Jiri Sekac.
7:17 of 3rd period - Deflect By Anton Slepyshev.
7:17 of 3rd period - Stopped by Olivier Roy with a rebound.
7:23 of 3rd period - Philip Larsen is hit by Mirco Mueller.
7:31 of 3rd period - Snap shot by Peter Holland.
7:31 of 3rd period - Stopped by Olivier Roy with a rebound.
7:37 of 3rd period - Snap shot by Peter Holland.
7:37 of 3rd period - Stopped by Olivier Roy without a rebound.
7:38 of 3rd period - Danton Heinen wins face-off versus Dylan Larkin in Griffins zone.
7:43 of 3rd period - Snap shot by Jordan Szwarz.
7:43 of 3rd period - Shot Blocked by Gord Baldwin.
7:45 of 3rd period - Slapshot by Alex Petrovic.
7:45 of 3rd period - Shot Blocked by Phil Oreskovic.
7:47 of 3rd period - Wrist shot by Jordan Szwarz.
7:47 of 3rd period - Shot Misses the Net.
7:49 of 3rd period - Slapshot by Viktor Loov.
7:49 of 3rd period - Stopped by Olivier Roy without a rebound.
7:50 of 3rd period - Dylan Larkin wins face-off versus Danton Heinen in Griffins zone.
8:03 of 3rd period - Wrist shot by Anton Slepyshev.
8:03 of 3rd period - Stopped by Kristers Gudlevskis with a rebound.
8:05 of 3rd period - Snap shot by Anton Slepyshev.
8:05 of 3rd period - Stopped by Kristers Gudlevskis without a rebound.
8:06 of 3rd period - Marko Dano wins face-off versus Corey Trivino in Diablos zone.
8:48 of 3rd period - Snap shot by Corey Trivino.
8:48 of 3rd period - Shot Blocked by Gord Baldwin.
9:08 of 3rd period - Snap shot by Pavel Buchnevich.
9:08 of 3rd period - Deflect By Nick Spaling.
9:08 of 3rd period - Stopped by Kristers Gudlevskis with a rebound.
9:10 of 3rd period - Wrist shot by Tye McGinn.
9:10 of 3rd period - Stopped by Kristers Gudlevskis with a rebound.
9:21 of 3rd period - Minor Penalty to Nick Spaling for Interference.
9:22 of 3rd period - Peter Holland wins face-off versus Dylan Larkin in Diablos zone.
9:37 of 3rd period - Philip Larsen is hit by Simon Despres and loses puck.
9:54 of 3rd period - Simon Despres is hit by Jiri Sekac and loses puck.
10:21 of 3rd period - Wrist shot by Nathan Gerbe.
10:21 of 3rd period - Stopped by Kristers Gudlevskis with a rebound.
10:23 of 3rd period - Slapshot by Phil Oreskovic.
10:23 of 3rd period - Shot Misses the Net.
10:25 of 3rd period - Snap shot by Brandon Pirri.
10:25 of 3rd period - Deflect By Nathan Gerbe.
10:25 of 3rd period - Shot Misses the Net.
10:25 of 3rd period - Puck is out of play.
10:26 of 3rd period - Brandon Pirri wins face-off versus Peter Holland in Diablos zone.
11:21 of 3rd period - Penalty to Nick Spaling is over, Nick Spaling is back on ice.
11:26 of 3rd period - Snap shot by Lars Eller.
11:26 of 3rd period - Shot Blocked by Nathan Gerbe.
11:44 of 3rd period - Wrist shot by Lars Eller.
11:44 of 3rd period - Shot Misses the Net.
11:46 of 3rd period - Backhand shot by Lars Eller.
11:46 of 3rd period - Goal by Lars Eller - Diablos : 4 - Griffins : 5.
11:47 of 3rd period - Danton Heinen wins face-off versus Dylan Larkin in neutral zone.
11:50 of 3rd period - Slapshot by Cameron Gaunce.
11:50 of 3rd period - Shot Blocked by Ben Hanowski.
12:24 of 3rd period - Wrist shot by Danton Heinen.
12:24 of 3rd period - Stopped by Olivier Roy without a rebound.
12:25 of 3rd period - Lars Eller wins face-off versus Dylan Larkin in Griffins zone.
12:50 of 3rd period - Marko Dano is hit by Andrei Mironov and loses puck.
13:29 of 3rd period - Viktor Loov is hit by Gord Baldwin.
13:36 of 3rd period - Icing by Jordan Szwarz.
13:37 of 3rd period - Danton Heinen wins face-off versus Rourke Chartier in Diablos zone.
13:37 of 3rd period - Danton Heinen is hit by Marcus Pettersson.
14:14 of 3rd period - Off-side.
14:15 of 3rd period - Corey Trivino wins face-off versus Marko Dano in neutral zone.
14:42 of 3rd period - Phil Oreskovic is hit by Peter Holland and loses puck.
14:47 of 3rd period - Snap shot by Jiri Sekac.
14:47 of 3rd period - Shot Blocked by Dylan Larkin.
14:55 of 3rd period - Wrist shot by Jiri Sekac.
14:55 of 3rd period - Shot Blocked by Ben Hanowski.
15:42 of 3rd period - Minor Penalty to Jordan Szwarz for Holding.
15:43 of 3rd period - Peter Holland wins face-off versus Pavel Buchnevich in Diablos zone.
15:43 of 3rd period - Peter Holland is hit by Simon Despres.
15:57 of 3rd period - Snap shot by Marcus Pettersson.
15:57 of 3rd period - Shot Misses the Net.
17:42 of 3rd period - Penalty to Jordan Szwarz is over, Jordan Szwarz is back on ice.
17:59 of 3rd period - Snap shot by Jordan Szwarz.
17:59 of 3rd period - Shot Blocked by Mirco Mueller.
18:54 of 3rd period - Diablos , Kristers Gudlevskis is pulled from the net.
19:00 of 3rd period - David Pastrnak is hit by Brandon Pirri and loses puck.
19:43 of 3rd period - Snap shot by Brendan Woods.
19:43 of 3rd period - Goal by Brendan Woods - Diablos : 4 - Griffins : 6.
19:43 of 3rd period - Kristers Gudlevskis from Diablos was sent back in the game.
19:44 of 3rd period - Dylan Larkin wins face-off versus Lars Eller in neutral zone.
Goals for this period are 3 for Diablos vs 1 for Griffins.
Shots for this period are 13 for Diablos vs 10 for Griffins.
Back to the Top